 Seeded DCSS version 0.30-a0-1016-gfb0d676c02 (webtiles) character file.

Game seed: 14461705092793326849 (custom seed)

885 Pimp the Stinger (level 8, -2/58 HPs)
             Began as a Barachi Venom Mage on Apr 5, 2023.
             Succumbed to a water moccasin's poison
             ... on level 5 of the Dungeon on Apr 6, 2023.
             The game lasted 00:18:34 (4053 turns).

Pimp the Stinger (Barachi Venom Mage)               Turns: 4053, Time: 00:18:35

Health: -2/58      AC:  5    Str:  9    XL:     8   Next: 5%
Magic:  8/13       EV: 13    Int: 19    God:
Gold:   222        SH:  0    Dex: 12    Spells: 4/14 levels left

rFire   . . .      SeeInvis .    h - +9 staff of Wucad Mu {*channel}
rCold   + . .      Faith    .    (no shield)
rNeg    . . .      Spirit   .    a - +0 robe
rPois   .          Reflect  .    (no helmet)
rElec   .          Rampage  .    (no cloak)
rCorr   .                        c - +0 pair of gloves
Will    .....                    o - +1 pair of boots
Stlth   ++                       (no amulet)
HPRegen 0.29/turn                l - ring of protection from cold
MPRegen 0.13/turn                p - ring of wizardry

@: lethally poisoned (-2 -> -15), unable to hop, slow
A: amphibious, slowness 1, strong legs 1, +LOS
a: Hop


You were on level 5 of the Dungeon.
You visited 1 branch of the dungeon, and saw 5 of its levels.

You collected 222 gold pieces.

Inventory:

Hand Weapons
 b - the +4 hand crossbow of Bodily Humours {heavy, rC+}
   (You acquired it on level 3 of the Dungeon)

   rC:        It protects you from cold.
 f - a +1 dagger of venom
 h - the +9 staff of Wucad Mu (weapon) {*channel}
   (You found it on level 4 of the Dungeon)

   *Channel:  It often returns the magic spent to cast spells, but lowers their
   success rate.
   It always returns the magic spent on miscasts.
Missiles
 i - 9 poisoned darts
Armour
 a - a +0 robe (worn)
 c - a +0 pair of gloves (worn)
 d - a +0 kite shield
 o - a +1 pair of boots (worn)
Jewellery
 l - a ring of protection from cold (left hand)
 p - a ring of wizardry (right hand)
Wands
 n - a wand of charming (6)
Scrolls
 g - 3 scrolls of silence
 j - a scroll of magic mapping {unknown}
 k - a scroll of acquirement
 m - a scroll of amnesia
 r - a scroll of fog {unknown}
Potions
 e - a potion of brilliance


   Skills:
 + Level 3.3 Fighting
 + Level 1.4 Staves
 + Level 2.6 Ranged Weapons
 + Level 3.5 Armour
 + Level 4.1 Dodging
 - Level 2.1 Stealth
 + Level 3.9 Spellcasting
 + Level 3.7 Transmutations
 + Level 4.9 Poison Magic


You had 4 spell levels left.
You knew the following spells:

 Your Spells              Type           Power      Damage    Failure   Level
a - Sting                 Tmut/Pois      80%        1d7       3%          1
b - Olgreb's Toxic Radia  Pois           22%        N/A       16%         4
c - Poisonous Vapours     Pois/Air       26%        N/A       9%          2
d - Mephitic Cloud        Conj/Pois/Air  10%        N/A       19%         3

Your spell library contained the following spells:

 Spells                   Type           Power      Damage    Failure   Level
 Fireball                 Conj/Fire      1%         3d3       89%         5
 Iskenderun's Battlesphe  Conj           3%         2d6       89%         5
 Conjure Ball Lightning   Conj/Air       1%         3x3d6     100%        6
 Orb of Destruction       Conj           1%         9d5       100%        7


Dungeon Overview and Level Annotations

Branches:
Dungeon (5/15)
 Temple: D:4-7

Altars:
Nemelex Xobeh
Xom
Yredelemnul
The Shining One


Innate Abilities, Weirdness & Mutations

You are amphibious.
You cover ground slowly.
You can hop short distances.
You have an extended range of vision and can be seen from far away.


Message History

You shoot a bolt.
The bolt closely misses the water moccasin.
The bolt hits the jelly!!
You kill the jelly!
The water moccasin bites you. The water moccasin misses you.
The water moccasin barely misses you. x2
You shoot a bolt.
The bolt hits the water moccasin but does no damage.
The water moccasin is lightly wounded.
The water moccasin bites you but does no damage.
The water moccasin bites you!
You are poisoned.
The water moccasin poisons you! The water moccasin bites you.
The water moccasin bites you but does no damage.
h - the +9 staff of Wucad Mu (weapon)
{*channel} You feel sick.
The water moccasin closely misses you.
You hit the water moccasin. Your punch misses the water moccasin.
The water moccasin is lightly wounded.
You feel very sick. The water moccasin bites you!
You sock the water moccasin!
The water moccasin is heavily wounded.
You feel sick. The water moccasin barely misses you.
The water moccasin bites you!
* * * LOW HITPOINT WARNING * * *
You are lethally poisoned!
The water moccasin poisons you!
Okay, then.
Blink to where?
Press: ? - help, Dir - move target, p - water moccasin
As you read the scroll of blinking, it crumbles to dust.
* * * LOW HITPOINT WARNING * * *
You feel very sick.
Hop to where?
Press: ? - help, Dir - move target Boing!
* * * LOW HITPOINT WARNING * * *
You feel very sick.
You are no longer corroded.
You die...

##### ##.#.######
######......#..######
####°...............#..#
####......................###
##.......##..@......###......#
#.......######8...8## #.#.....
##.....### ###.### ####....
#.....## #...# ##... ###...###
#._.# ###. ...S.## #...# ##
..#### ##### # ..###########
#### # #..#....#.##.##..# #


There were no monsters in sight!

Vanquished Creatures
  A black bear (D:4)
  An ogre (D:4)
  A centaur (D:5)
  2 scorpions (D:5)
  3 hounds
  An orc priest (D:4)
  A jelly (D:5)
  2 iguanas
  3 orc wizards
  3 gnolls (D:4)
  11 adders
  An ufetubus (D:5)
  3 worms (D:3)
  3 dart slugs
  10 orcs
  4 ball pythons
  9 endoplasms
  6 giant cockroaches
  9 goblins
  11 hobgoblins
  2 jackals (D:1)
  6 kobolds
  5 quokkas
  8 bats
  6 frilled lizards
  6 rats
118 creatures vanquished.

Notes
Turn   | Place    | Note
-------+----------+-------------------------------------------
     0 | D:1      | Pimp the Barachi Venom Mage began the quest for the Orb.
     0 | D:1      | Reached XP level 1. HP: 13/13 MP: 3/3
   148 | D:1      | Reached XP level 2. HP: 19/19 MP: 3/5
   377 | D:1      | Reached XP level 3. HP: 19/24 MP: 3/6
   805 | D:2      | Found a sparkling altar of Nemelex Xobeh.
  1461 | D:3      | Reached XP level 4. HP: 13/31 MP: 8/8
  1499 | D:3      | Identified a scroll of acquirement
  1499 | D:3      | Acquired the +4 hand crossbow of Bodily Humours {heavy,
                  | rC+}
  1557 | D:3      | Reached skill level 1 in Armour
  1676 | D:3      | Reached skill level 1 in Fighting
  1810 | D:3      | Upgraded the game from 0.30-a0-1008-g30c9307041 to
                  | 0.30-a0-1016-gfb0d676c02
  1812 | D:3      | Reached XP level 5. HP: 32/37 MP: 9/9
  2177 | D:4      | Found a basalt altar of Yredelemnul.
  2240 | D:4      | Found a shimmering altar of Xom.
  2300 | D:4      | Reached skill level 1 in Ranged Weapons
  2451 | D:4      | Found a sparkling altar of Nemelex Xobeh.
  2524 | D:4      | Reached XP level 6. HP: 28/44 MP: 10/10
  2643 | D:4      | Noticed a black bear
  2647 | D:4      | Killed a black bear
  2808 | D:4      | Found the +9 staff of Wucad Mu {*channel}
  2973 | D:5      | Entered Level 5 of the Dungeon
  2973 | D:5      | Noticed a water moccasin
  3204 | D:4      | Reached XP level 7. HP: 15/51 MP: 10/12
  3334 | D:3      | Learned a level 4 spell: Olgreb's Toxic Radiance
  3337 | D:3      | Learned a level 2 spell: Poisonous Vapours
  3341 | D:3      | Learned a level 3 spell: Mephitic Cloud
  3730 | D:5      | Reached skill level 1 in Staves
  3849 | D:5      | Reached XP level 8. HP: 57/58 MP: 7/13
  4014 | D:5      | Found a glowing golden altar of the Shining One.
  4052 | D:5      | HP: 2/58 [poisoned by a water moccasin]
  4053 | D:5      | Succumbed to a water moccasin's poison

Illustrated notes

Levels and vault maps discovered:
D:1:      wander_arrival_peaceful_grave, layout_basic, serial_curves,
          eino_curves_03, eino_curves_03, roderic_filled_cross,
          minmay_hexomino_p4
D:2:      layout_rooms, basic_altar
D:3:      minmay_chambers_of_threes, layout_basic
D:4:      minmay_evil_eye, layout_loops_cross, lemuel_round_altar,
          mainiacjoe_overflow_small_starburst, nemelex_dance_club_becter,
          grunt_ministairs_2
D:5:      cheibrodos_barr_body, layout_rooms, demons_altar,
          nicolae_hepliaklqana_monster_ancestors, nicolae_tso_carved_into_rock,
          mainiacjoe_overflow_alcove_4, grunt_ministairs_15, uniq_grinder

Skill      XL: |  1  2  3  4  5  6  7 |
---------------+----------------------+-----
Stealth        | 2 |  2.1
Transmutations | 2 3 |  3.7
Armour         | 1 2 3 |  3.5
Fighting       | 1 2 3 |  3.3
Dodging        | 3 4 |  4.1
Poison Magic   | 4 |  4.9
Spellcasting   | 3 |  3.9
Ranged Weapons | 1 2 |  2.6
Staves         | 1 |  1.4

Action                     |  1- 3 |  4- 6 |  7- 9 || total
---------------------------+-------+-------+-------++-------
  Melee: Dagger            |    97 |     6 |       ||   103
         Unarmed           |     2 |       |       ||     2
         Punch             |     2 |       |       ||     2
         Hand crossbow     |       |     2 |       ||     2
         Staff             |       |       |     5 ||     5
   Fire: Hand crossbow     |       |    84 |    32 ||   116
   Cast: Sting             |    24 |    17 |     2 ||    43
         Olgreb's Toxic Ra |       |       |     6 ||     6
         Poisonous Vapours |       |       |     3 ||     3
Ability: Hop               |       |     1 |     1 ||     2
    Use: Scroll            |     5 |     4 |     5 ||    14
         Potion            |     1 |     3 |     1 ||     5
   Stab: Sleeping          |     1 |       |       ||     1
 Armour: Robe              |    16 |    40 |    16 ||    72
  Dodge: Dodged            |    68 |    88 |    35 ||   191

Table legend: (Time is in decaauts)
 A = Elapsed time spent in this place.
 B = Non-inter-level travel time spent in this place.
 C = Inter-level travel time spent in this place.
 D = Time resting spent in this place.
 E = Time spent auto-exploring this place.
 F = Levels seen in this place.
 G = Mean time per level.
                   A        B        C        D        E       F      G
               +--------+--------+--------+--------+--------+-----+--------+
         Total |   4706 |   4469 |    237 |   1272 |   1973 |   5 |  941.2 |
       Dungeon |   4706 |   4469 |    237 |   1272 |   1973 |   5 |  941.2 |
               +--------+--------+--------+--------+--------+-----+--------+

Top non-repeatable levels by time:
     D:4: 1440 daAuts
     D:3: 1231 daAuts
     D:1: 914 daAuts
     D:2: 715 daAuts
     D:5: 404 daAuts
